 Dungeon Crawl Stone Soup version 0.25.1-2-g60ff931df9 (webtiles) character file.

Game seed: 10246193234089217416

302 Qrupt the Skirmisher (level 6, -13/49 HPs)
             Began as a Formicid Abyssal Knight on Oct 28, 2020.
             Was a Priest of Lugonu.
             Mangled by an ogre
             ... wielding a +0 giant club
              (21 damage)
             ... on level 4 of the Dungeon.
             The game lasted 00:10:14 (4842 turns).

Qrupt the Skirmisher (Formicid Abyssal Knight)      Turns: 4842, Time: 00:10:15

Health: -13/49     AC:  6    Str: 18    XL:     6   Next: 65%
Magic:  8/8        EV:  9    Int: 12    God:    Lugonu [***...]
Gold:   185        SH:  3    Dex: 10    Spells: 5/5 levels left

rFire    . . .     SeeInvis +   t - +0 trident
rCold    . . .     Gourm    .   f - +0 buckler
rNeg     . . .     Faith    .   l - +0 scale mail
rPois    .         Spirit   .   (helmet unavailable)
rElec    .         Reflect  .   (no cloak)
rCorr    .         Harm     .   (no gloves)
MR       .....                  (no boots)
Stlth    ..........             (no amulet)
HPRegen  0.16/turn              (no ring)
MPRegen  0.11/turn              (no ring)

@: flying
A: permanent stasis, dig shafts and tunnels, four strong arms, antennae 3
a: Dig, Shaft Self, Depart the Abyss, Bend Space, Banish, Renounce Religion


You were on level 4 of the Dungeon.
You worshipped Lugonu.
Lugonu was most pleased with you.
You were not hungry.

You visited 1 branch of the dungeon, and saw 4 of its levels.
You visited the Abyss 1 time.

You collected 185 gold pieces.

Inventory:

Hand Weapons
 a - a +1 spear
 t - a +0 trident (weapon)
Armour
 f - a +0 buckler (worn)
 l - a +0 scale mail (worn)
Scrolls
 b - 2 scrolls of enchant weapon {unknown}
 e - 3 scrolls of teleportation {unknown}
 h - 4 scrolls of magic mapping {unknown}
 i - a scroll of amnesia {unknown}
 m - a scroll of immolation {unknown}
 n - a scroll of blinking {unknown}
 o - 2 scrolls of remove curse {unknown}
Potions
 d - 2 potions of flight
 j - a potion of degeneration
 k - a potion of resistance
 p - 2 potions of ambrosia
 r - a potion of might
 s - a potion of cancellation
Comestibles
 c - 7 rations
 q - 2 chunks of flesh


   Skills:
 + Level 4.4 Fighting
 + Level 3.4 Polearms
 + Level 3.6 Armour
 - Level 2.4 Dodging
 + Level 0.3 Shields
 + Level 3.8 Invocations


You had 5 spell levels left.
You didn't know any spells.
Your spell library was empty.

Dungeon Overview and Level Annotations

Branches:
Dungeon (4/15)
 Temple: D:4-7

Altars:
Ashenzari


Innate Abilities, Weirdness & Mutations

You cannot be hasted, slowed, berserked, paralysed or teleported.
You can dig through walls and to a lower floor.
Your four strong arms can wield two-handed weapons with a shield.
You have a pair of large antennae on your head. (SInv)


Message History

The ogre is moderately wounded.
The ogre hits you with a +0 giant club.
You puncture the ogre!
The ogre is heavily wounded.
The ogre completely misses you.
You completely miss the ogre.
The ogre is heavily wounded.
The ogre misses you.
You hit the ogre.
The ogre is heavily wounded.
The ogre hits you with a +0 giant club!!
You hit the ogre.
The ogre is severely wounded.
The ogre hits you with a +0 giant club!!
* * * LOW HITPOINT WARNING * * *
You feel very buoyant.
You fly up into the air.
Found a puce potion.
The ogre hits you with a +0 giant club!!
You die...

.###..# #.# #.......... ..##..#
#.# #! ##..88≈≈≈≈≈ ......####.#
#.# #####≈≈≈≈. ..##........ ...
..≈≈≈≈≈. .###...####. #.##
##≈≈≈≈≈. O###...####.##.. .
#≈≈≈≈.. .#.............. ..#
#≈≈≈≈≈..
.#.##..####.##.####...####≈≈≈≈≈..
.#.##..# #.....O@.........≈≈≈≈#..
.#.##..###..##.......... ≈≈≈≈...
.{.....##..?....###...## ≈≈≈≈#..
.#.##........#..# ...###.≈≈≈≈≈..
.#...<..........###.......≈≈≈≈≈..
.####.....................>≈≈≈≈..
.# ............##.###### #≈≈≈≈≈#
...............##.# #≈≈≈≈≈#
##.........#.####.# #≈≈≈≈≈


You could see an ogre.

Vanquished Creatures
  A howler monkey (D:3)
  Terence (D:2)
  2 worker ants (D:4)
  8 adders
  5 worms
  2 dart slugs (D:2)
  5 leopard geckos
  7 orcs (D:3)
  5 bats
  4 giant cockroaches
  16 goblins
  4 hobgoblins
  4 jackals
  10 kobolds
  6 frilled lizards
  A leopard gecko skeleton (D:4)
  A quokka skeleton (D:3)
  10 rats
92 creatures vanquished.

Vanquished Creatures (others)
  A dart slug (D:2)
1 creature vanquished.

Grand Total: 93 creatures vanquished

Notes
Turn   | Place    | Note
-------+----------+-------------------------------------------
     0 | Abyss:1  | Qrupt the Formicid Abyssal Knight began the quest for the
                  | Orb.
     0 | Abyss:1  | Reached XP level 1. HP: 18/18 MP: 2/2
    26 | D:1      | Escaped the Abyss
    71 | D:1      | Reached skill level 1 in Dodging
   138 | D:1      | Reached XP level 2. HP: 13/24 MP: 3/3
   732 | D:1      | Reached XP level 3. HP: 29/29 MP: 4/4
   897 | D:2      | Reached ** piety under Lugonu
  1159 | D:2      | Noticed Terence
  1177 | D:2      | Killed Terence
  1177 | D:2      | Reached XP level 4. HP: 32/37 MP: 6/6
  1774 | D:2      | Reached XP level 5. HP: 42/42 MP: 7/7
  1913 | D:2      | Reached skill level 4 in Fighting
  3606 | D:3      | Reached *** piety under Lugonu
  3657 | D:3      | Reached XP level 6. HP: 33/48 MP: 8/8
  4342 | D:4      | Noticed an ogre
  4486 | D:4      | Found a shattered altar of Ashenzari.
  4825 | D:4      | Noticed an ogre
  4842 | D:4      | Mangled by an ogre

Illustrated notes

Levels and vault maps discovered:
D:1:      doesnt_arrival_eight_statues, layout_rooms
D:2:      minmay_inner_zag, layout_rooms, grunt_decor_arrowhead,
          lemuel_flame_loot_1, uniq_terence
D:3:      minmay_razor_zed, layout_basic, minmay_statues_item, st_stairs_1,
          grunt_ministairs_7
D:4:      wander_river, layout_loops_ring, first_ration, evilmike_ruin_ashenzari

Skill      XL: |  1  2  3  4  5 |
---------------+----------------+-----
Dodging        | 1 2 |  2.4
Invocations    | 3 |  3.8
Armour         | 3 |  3.6
Fighting       | 4 |  4.4
Polearms       | 3 |  3.4
Shields        | |  0.3

Action                   |  1- 3 |  4- 6 || total
-------------------------+-------+-------++-------
Melee: Spear             |   120 |   275 ||   395
       Trident           |       |    34 ||    34
  Use: Scroll            |       |     5 ||     5
       Potion            |       |     1 ||     1
 Stab: Distracted        |       |     1 ||     1
  Eat: Chunk             |     1 |    12 ||    13
Armor: Leather armour    |    13 |    47 ||    60
       Scale mail        |       |     2 ||     2
Dodge: Dodged            |    64 |   158 ||   222
Block: Buckler           |       |     2 ||     2
